 Dungeon Crawl Stone Soup version 0.29.0-4-gdea44cf6ec (webtiles) character file.

Game seed: 15750510983132757790

304 qw the Chopper (level 6, 0/35 HPs)
             Began as a Tengu Warper on Aug 28, 2022.
             Was an Initiate of Okawaru.
             Succumbed to a scorpion's poison
             ... on level 4 of the Dungeon.
             The game lasted 00:00:18 (2865 turns).

qw the Chopper (Tengu Warper)                       Turns: 2865, Time: 00:00:18

Health: 0/35       AC:  9    Str: 13    XL:     6   Next: 38%
Magic:  10/10      EV: 10    Int: 14    God:    Okawaru [......]
Gold:   234        SH:  4    Dex: 13    Spells: 9/9 levels left

rFire   . . .      SeeInvis .   Y - +0 hand axe
rCold   . . .      Faith    .   b - +0 buckler
rNeg    . . .      Spirit   .   i - +0 chain mail
rPois   .          Reflect  .   (helmet restricted)
rElec   .          Harm     .   (no cloak)
rCorr   .          Rampage  .   h - +0 pair of gloves
Will    +....                   (boots unavailable)
Stlth   ..........              (no amulet)
HPRegen 0.11/turn               e - +4 ring of evasion
MPRegen 0.12/turn               l - ring of willpower

@: lethally poisoned (0 -> -3), flying quickly and evasively, quick
A: beak, talons 3, nimble flight, horns 1
a: Renounce Religion


You were on level 4 of the Dungeon.
You worshipped Okawaru.
Okawaru was noncommittal.
You visited 2 branches of the dungeon, and saw 5 of its levels.

You collected 234 gold pieces.


Innate Abilities, Weirdness & Mutations

You have a beak for a mouth.
You have claws for feet.
Your magical nature lets you fly swiftly and evasively.
You have a pair of small horns on your head.


   Skills:
 - Level 2.0 Fighting
 + Level 6.4 Axes
 - Level 1.0 Throwing
 - Level 2.1 Armour
 - Level 2.1 Dodging
 - Level 2.0 Shields
 - Level 2.0 Spellcasting
 - Level 2.4 Translocations


You had 9 spell levels left.
You didn't know any spells.
Your spell library contained the following spells:

 Spells                   Type           Power      Damage    Failure   Level
 Blink                    Tloc           16%        N/A       99%         2
 Gell's Gravitas          Tloc           8%         N/A       100%        3
 Lesser Beckoning         Tloc           8%         N/A       100%        3
 Teleport Other           Tloc           8%         N/A       100%        3
 Manifold Assault         Tloc           8%         N/A       100%        5

Inventory:

Hand Weapons
 m - a +0 flail
 Y - a +0 hand axe (weapon)
Armour
 b - a +0 buckler (worn)
 h - a +0 pair of gloves (worn)
 i - a +0 chain mail (worn)
Jewellery
 e - a +4 ring of evasion (left hand)
 l - a ring of willpower (right hand)
 o - a ring of resist corrosion
Scrolls
 a - 2 scrolls of teleportation
 c - a scroll of fear {unknown}
 k - 2 scrolls of identify
Potions
 d - 3 potions of mutation
 f - 2 potions of haste
 g - a potion of cancellation {unknown}
 j - a potion of curing {unknown}
 n - a potion of heal wounds {unknown}

Dungeon Overview and Level Annotations

Branches:
Dungeon (4/15)             Temple (1/1) D:4

Altars:
Ashenzari
Cheibriados
Dithmenos
Fedhas
Gozag
Hepliaklqana
Kikubaaqudgha
Makhleb
Nemelex Xobeh
Okawaru
Qazlal
Uskayaw
Wu Jian
Zin
The Shining One


Message History

You hit the scorpion.
The scorpion is severely wounded.
The scorpion barely misses you. The scorpion stings you.
You are poisoned.
The scorpion poisons you!
You hit the scorpion but do no damage. Your kick misses the scorpion.
Your headbutt misses the scorpion.
The scorpion is severely wounded.
You feel very sick. The scorpion stings you.
You are lethally poisoned!
The scorpion poisons you!
You closely miss the scorpion.
The scorpion is severely wounded.
You feel very sick. The scorpion closely misses you.
You hit the scorpion but do no damage. Your kick misses the scorpion.
The scorpion is severely wounded.
You feel very sick.
The scorpion stings you but does no damage.
You hit the scorpion but do no damage. You headbutt the scorpion.
The scorpion is severely wounded.
You feel very sick.
The scorpion stings you but does no damage. x2
You hit the scorpion.
You kill the scorpion!
Okawaru accepts your kill.
You feel very sick.
There is a lethal amount of poison in your body!
You feel sick.
There is a lethal amount of poison in your body!
You feel sick.
There is a lethal amount of poison in your body!
You feel sick.
There is a lethal amount of poison in your body!
You feel sick.
There is a lethal amount of poison in your body!
You feel sick.
There is a lethal amount of poison in your body!
You die...

#......#
################......#
...............+...>..#
########....####......#
#....# #......# #....#
#......#
########....####%.....#
................@.....#
.................%....#
....................###
#......#######...##.#
'......+ #.........
#......# #....#.##..
......... #....# # #
######### #....# #...##


There were no monsters in sight!

Vanquished Creatures
  2 scorpions (D:4)
  A hound (D:4)
  An orc priest (D:3)
  An orc wizard (D:3)
  3 adders
  3 worms (D:2)
  2 dart slugs (D:3)
  5 orcs
  2 endoplasms
  A giant cockroach (D:3)
  6 goblins
  4 hobgoblins
  12 jackals
  A quokka (D:1)
  2 ball pythons (D:3)
  6 bats
  2 frilled lizards
  6 kobolds
  7 rats
67 creatures vanquished.

Notes
Turn   | Place    | Note
-------+----------+-------------------------------------------
     0 | D:1      | qw the Tengu Warper began the quest for the Orb.
     0 | D:1      | Reached XP level 1. HP: 12/12 MP: 4/4
     0 | D:1      | 0 ||| qw: Version: 0.1-a-89-g26bdef1
     0 | D:1      | 0 ||| qw: Game counter: 1405
     0 | D:1      | 0 ||| qw: Always use a shield: true
     0 | D:1      | 0 ||| qw: God list: Okawaru
     0 | D:1      | 0 ||| qw: Allow faded altars: false
     0 | D:1      | 0 ||| qw: Do Orc after D:15 true
     0 | D:1      | 0 ||| qw: Do second Lair branch before Depths: true
     0 | D:1      | 0 ||| qw: Lair rune preference: random
     0 | D:1      | 0 ||| qw: Plans: Normal
     0 | D:1      | 0 ||| PLANNING D:1-11
   134 | D:1      | 134 ||| Stepping ~*~*~tactically~*~*~ (stealth).
   136 | D:1      | 136 ||| Stepping ~*~*~tactically~*~*~ (stealth).
   150 | D:1      | Reached skill level 3 in Axes
   150 | D:1      | Reached XP level 2. HP: 8/17 MP: 6/6
   156 | D:1      | HP: 3/17 [jackal (3)]
   682 | D:1      | Found a faded altar of an unknown god.
   951 | D:1      | 951 ||| UPGRADING to +0 chain mail.
   961 | D:1      | 961 ||| DROPPING +0 leather armour.
   962 | D:1      | 962 ||| UPGRADING to +4 ring of evasion.
   963 | D:1      | 963 ||| READING scroll labelled JYALIO XENUPP.
   964 | D:1      | 964 ||| READING scroll labelled XEROITHRAULI.
   965 | D:1      | 965 ||| READING scroll labelled RUAMON IG COW.
   966 | D:1      | 966 ||| DRINKING 2 pink potions.
   966 | D:1      | Gained mutation: Your spells are a little harder to cast,
                  | but a little more powerful. [potion of mutation]
   966 | D:1      | Lost mutation: Your spells are a little harder to cast, but
                  | a little more powerful. [potion of mutation]
   966 | D:1      | Gained mutation: You have a pair of small horns on your
                  | head. [potion of mutation]
   967 | D:1      | 967 ||| DROPPING scroll of blinking.
  1140 | D:2      | Reached XP level 3. HP: 21/21 MP: 7/7
  1182 | D:2      | Reached skill level 4 in Axes
  1225 | D:2      | 1225 ||| Stepping ~*~*~tactically~*~*~ (stealth).
  1235 | D:2      | 1235 ||| Stepping ~*~*~tactically~*~*~ (stealth).
  1244 | D:2      | 1244 ||| Stepping ~*~*~tactically~*~*~ (stealth).
  1245 | D:2      | 1245 ||| Stepping ~*~*~tactically~*~*~ (stealth).
  1515 | D:2      | Found an ornate altar of the Wu Jian Council.
  1612 | D:2      | 1612 ||| UPGRADING to +0 pair of gloves.
  1617 | D:2      | 1617 ||| DROPPING ring of flight.
  1618 | D:2      | 1618 ||| UPGRADING to ring of willpower.
  1619 | D:2      | 1619 ||| READING scroll labelled VYHANE WITHROHO.
  1724 | D:3      | Reached XP level 4. HP: 25/26 MP: 8/8
  1782 | D:3      | 1782 ||| Stepping ~*~*~tactically~*~*~ (stealth).
  2069 | D:3      | Reached skill level 5 in Axes
  2069 | D:3      | 2069 ||| Stepping ~*~*~tactically~*~*~ (hiding).
  2080 | D:3      | Gained mutation: Your magical nature lets you fly swiftly
                  | and evasively. [Tengu growth]
  2080 | D:3      | Reached XP level 5. HP: 20/30 MP: 9/9
  2187 | D:3      | 2187 ||| DROPPING +0 club.
  2222 | D:3      | Identified the +11 sling "Guchifay" {freeze, rF+ rCorr
                  | Str-2}
  2263 | D:3      | 2263 ||| Stepping ~*~*~tactically~*~*~ (stealth).
  2278 | D:3      | 2278 ||| Stepping ~*~*~tactically~*~*~ (stealth).
  2279 | D:3      | 2279 ||| Stepping ~*~*~tactically~*~*~ (stealth).
  2493 | D:3      | 2493 ||| UPGRADING to +0 buckler.
  2498 | D:3      | 2498 ||| DRINKING 3 viscous green potions.
  2539 | D:4      | Found a staircase to the Ecumenical Temple.
  2540 | D:4      | 2540 ||| PLANNING TEMPLE
  2547 | Temple   | Entered the Ecumenical Temple
  2596 | Temple   | Became a worshipper of Warmaster Okawaru
  2604 | Temple   | 2604 ||| PLANNING D:1-11
  2640 | D:4      | Found an ancient bone altar of Kikubaaqudgha.
  2684 | D:4      | 2684 ||| Stepping ~*~*~tactically~*~*~ (stealth).
  2685 | D:4      | 2685 ||| FLEEEEING.
  2712 | D:4      | 2712 ||| Stepping ~*~*~tactically~*~*~ (stealth).
  2850 | D:4      | Reached skill level 6 in Axes
  2850 | D:4      | Reached XP level 6. HP: 35/35 MP: 10/10
  2859 | D:4      | HP: 6/35 [poisoned by a scorpion]
  2863 | D:4      | HP: 2/35 [poisoned by a scorpion]
  2865 | D:4      | Succumbed to a scorpion's poison

Levels and vault maps discovered:
D:1:      lightli_arrival_chessboard, layout_rooms, serial_rivers,
          chequers_serial_rivers_room_a, chequers_serial_rivers_room_b,
          chequers_serial_rivers_micro_c, chequers_serial_rivers_micro_c,
          chequers_serial_rivers_micro_e, chequers_serial_rivers_micro_e,
          shapermc_ecumenical_altar_ellora
D:2:      layout_rooms, basic_altar, minmay_octomino_e4
D:3:      layout_loops_ring
D:4:      layout_basic, mainiacjoe_overflow_concentric_impassable,
          minmay_temple_entry_offerings, feat_on_display
Temple:   zaba_magenta_temple

Skill      XL: |  1  2  3  4  5 |
---------------+----------------+-----
Axes           | 3 4 5 6 |  6.4
Armour         | 2 |  2.1
Shields        | 2 |  2.0
Fighting       | |  2.0
Throwing       | |  1.0
Dodging        | |  2.1
Spellcasting   | |  2.0
Translocations | |  2.4

Action                   |  1- 3 |  4- 6 || total
-------------------------+-------+-------++-------
Melee: Hand axe          |    89 |   104 ||   193
       Kick              |    26 |    23 ||    49
       Peck              |    12 |    13 ||    25
       Headbutt          |     8 |    14 ||    22
       Punch             |     1 |       ||     1
Throw: Boomerang         |     7 |       ||     7
  Use: Scroll            |     4 |       ||     4
       Potion            |     1 |     1 ||     2
Armor: Leather armour    |    12 |       ||    12
       Chain mail        |    25 |    41 ||    66
Dodge: Dodged            |    45 |    54 ||    99
Block: Buckler           |       |     4 ||     4

Table legend:
 A = Non-vault XP
 B = Vault XP
 C = Vault XP percentage of total XP
 D = Non-vault monster count
 E = Vault monster count
 F = Vault count percentage of total count
                 A         B        C        D         E       F
            +---------+---------+-------+---------+---------+-------
      Total |     432 |       3 |   0.7 |      64 |       3 |   4.5
            +---------+---------+-------+---------+---------+-------
        D:1 |      22 |       0 |   0.0 |      12 |       0 |   0.0
        D:2 |      47 |       3 |   6.0 |      17 |       3 |  15.0
        D:3 |     144 |       0 |   0.0 |      26 |       0 |   0.0
        D:4 |     219 |       0 |   0.0 |       9 |       0 |   0.0
            +---------+---------+-------+---------+---------+-------
